Map: Hardwire LE

Players

ByuN - Winner!

  • Race: Terran Terran

ShoWTimE

  • Race: Protoss Protoss

Event: TSL 8

VOD

Have the link to the VOD?

Description

Time

  • Played on: Dec. 5, 2021, 9:31 a.m.
  • Length: 7:43

All games in this series

Show
View Real Time Build Order
Export as new Build Order

ByuN Terran - Winner!

Build Orders: Reaper Expand 

Get SALT Encoding   

  12  0:00  SCV  
  13  0:12  SCV  
  14  0:16  Supply Depot  
  14  0:24  SCV  
  15  0:38  SCV  
  15  0:40  Barracks  
  16  0:42  Refinery  
  16  0:50  SCV  
  17  1:02  SCV  
  18  1:14  SCV  
  19  1:27  Reaper, Orbital Command  
  20  1:41  Command Center  
  20  1:53  SCV  
  20  1:54  Supply Depot  
  21  1:59  Barracks Reactor  
  21  2:05  SCV  
  22  2:17  SCV  
  22  2:22  Command Center  
  23  2:29  SCV  
  24  2:30  Barracks  
  24  2:35  Marine x2  
  26  2:41  SCV  
  27  2:53  SCV, Marine x2  
  27  2:54  Orbital Command  
  30  3:04  Barracks  
  30  3:05  SCV  
  30  3:11  Orbital Command  
  31  3:15  Marine x2  
  31  3:18  SCV  
  34  3:23  Engineering Bay  
  34  3:25  Barracks Tech Lab  
  34  3:30  SCV  
  35  3:36  Orbital Command  
  35  3:37  Marine  
  35  3:38  Marine  
  35  3:41  SCV  
  38  3:42  SCV  
  38  3:46  Stimpack, Marine  
  40  3:50  Missile Turret  
  40  3:53  SCV  
  40  3:54  SCV  
  42  3:57  Marine x2  
  42  3:58  Marine  
  42  4:02  SCV  
  45  4:04  Marine  
  45  4:05  SCV  
  45  4:08  Terran Infantry Weapons Level 1  
  47  4:11  SCV  
  47  4:14  SCV  
  47  4:16  Missile Turret  
  49  4:18  Marine  
  49  4:19  Marine x2  
  49  4:21  Marine  
  49  4:22  Supply Depot  
  49  4:24  SCV x2  
  55  4:26  SCV  
  55  4:29  Factory  
  56  4:35  Refinery  
  56  4:36  SCV x2  
  59  4:38  SCV  
  59  4:40  Marine x2  
  59  4:41  Barracks Tech Lab  
  59  4:43  Marine  
  59  4:45  Missile Turret  
  62  4:49  SCV x2  
  62  4:50  Refinery  
  62  4:51  SCV  
  64  5:00  Marine x3  
  64  5:01  Marine  
  64  5:02  SCV  
  64  5:05  Supply Depot  
  69  5:07  Supply Depot  
  69  5:08  SCV x2  
  71  5:14  Starport, Factory Reactor  
  71  5:16  SCV  
  71  5:20  SCV  
  73  5:21  Refinery  
  73  5:22  SCV  
  73  5:24  Barracks  
  73  5:26  Barracks  
  74  5:28  Combat Shield  
  74  5:34  SCV x2  
  74  5:38  Marauder x2  
  74  5:39  Marine x2  
  74  5:42  SCV  
  79  5:56  SCV x2  
  81  5:57  Marine x2  
  81  6:00  Orbital Command  
  81  6:01  Factory Reactor  
  77  6:05  Marauder x2  
  77  6:10  Medivac  
  77  6:11  Medivac  
  79  6:13  Barracks Reactor, Barracks Tech Lab  
  79  6:15  Marine x2  
  79  6:17  SCV x2  
  83  6:19  Concussive Shells  
  83  6:25  Missile Turret  
  83  6:26  Marauder x2, Supply Depot  
  83  6:28  SCV  
  83  6:29  SCV  
  83  6:30  SCV  
  90  6:33  Marine x2  
  90  6:36  Supply Depot x2  
  92  6:40  SCV  
  92  6:41  SCV  
  92  6:42  SCV  
  92  6:43  Marauder  
  92  6:44  Widow Mine  
  99  6:47  Marauder  
  99  6:48  Marauder  
  99  6:50  Refinery  
  99  6:51  Marine x2  
  99  6:52  SCV, Marine x2  
  99  6:54  SCV  
  109  6:57  SCV  
  110  7:01  Refinery  
  110  7:04  Marauder, SCV  
  110  7:06  SCV  
  114  7:09  Marauder x2, SCV  
  114  7:15  Marine x3  
  114  7:16  SCV  
  117  7:18  SCV  
Show
View Real Time Build Order
Export as new Build Order

ShoWTimE Protoss 

Build Orders: 1 Gate Expand, Oracle Opening 

Get SALT Encoding   

  12  0:00  Probe  
  13  0:12  Probe  
  14  0:17  Pylon  
  14  0:24  Probe  
  15  0:35  Gateway  
  15  0:36  Probe (Chrono Boost)  
  16  0:45  Probe (Chrono Boost)  
  16  0:46  Assimilator  
  17  0:51  Probe  
  18  1:03  Probe  
  19  1:15  Probe  
  20  1:22  Nexus  
  20  1:31  Cybernetics Core  
  20  1:35  Probe  
  20  1:39  Assimilator  
  21  1:47  Probe  
  21  1:50  Pylon  
  22  1:59  Probe  
  23  2:05  Adept (Chrono Boost)  
  23  2:11  Probe  
  26  2:16  Stargate  
  26  2:23  Probe  
  26  2:26  Adept (Chrono Boost)  
  29  2:31  Warp Gate  
  29  2:34  Probe (Chrono Boost)  
  31  2:41  Probe (Chrono Boost)  
  32  2:44  Probe (Chrono Boost)  
  32  2:48  Probe (Chrono Boost)  
  32  2:49  Probe (Chrono Boost)  
  34  2:54  Adept  
  36  2:59  Probe  
  36  3:01  Probe  
  36  3:04  Oracle (Chrono Boost)  
  38  3:11  Probe  
  41  3:13  Probe  
  41  3:19  Pylon  
  41  3:24  Probe  
  41  3:25  Probe  
  41  3:26  Adept  
  45  3:35  Oracle (Chrono Boost)  
  45  3:36  Probe  
  45  3:37  Probe  
  50  3:44  Gateway  
  50  3:46  Pylon  
  50  3:49  Probe  
  50  3:50  Probe  
  52  4:01  Probe  
  52  4:02  Probe  
  54  4:10  Nexus  
  54  4:14  Probe (Chrono Boost)  
  54  4:15  Probe (Chrono Boost)  
  56  4:18  Pylon  
  56  4:22  Assimilator  
  56  4:24  Assimilator  
  56  4:26  Probe (Chrono Boost)  
  56  4:28  Robotics Facility  
  56  4:30  Probe (Chrono Boost)  
  58  4:31  Probe (Chrono Boost)  
  58  4:37  Probe  
  60  4:41  Probe  
  60  4:42  Forge  
  60  4:43  Twilight Council  
  61  4:45  Sentry  
  61  4:49  Probe, Shield Battery  
  61  4:50  Sentry  
  66  4:53  Probe  
  66  4:55  Shield Battery  
  67  5:01  Probe  
  67  5:05  Probe  
  69  5:07  Gateway  
  69  5:09  Gateway, Protoss Ground Weapons Level 1  
  69  5:13  Probe, Pylon  
  70  5:21  Blink (Chrono Boost)  
  70  5:25  Probe x2 (Chrono Boost)  
  74  5:32  Probe (Chrono Boost)  
  74  5:33  Adept, Robotics Bay  
  69  5:36  Adept  
  69  5:40  Probe x3 (Chrono Boost)  
  56  5:50  Probe x2  
  56  5:52  Probe  
  56  5:59  Adept x2  
  56  6:02  Probe (Chrono Boost)  
  53  6:05  Adept  
  51  6:12  Probe (Chrono Boost)  
  51  6:17  Probe (Chrono Boost)  
  54  6:19  Probe (Chrono Boost)  
  54  6:21  Probe (Chrono Boost)  
  54  6:22  Probe (Chrono Boost)  
  56  6:27  Probe  
  56  6:28  Colossus (Chrono Boost)  
  56  6:31  Probe (Chrono Boost)  
  63  6:34  Probe (Chrono Boost)  
  63  6:39  Probe (Chrono Boost)  
  65  6:40  Sentry  
  65  6:45  Pylon  
  69  6:49  Probe (Chrono Boost)  
  69  6:50  Probe (Chrono Boost), Sentry  
  69  6:51  Probe (Chrono Boost), Shield Battery  
  72  6:55  Stalker, Probe (Chrono Boost)  
  72  6:56  Zealot, Probe (Chrono Boost)  
  78  7:06  Stalker  
Tags
 
Add a new tag
Caveats
  • Supply blocks, unpowered buildings, or Contaminate may cause inaccurate times.
  • Supply counts are checked every 10 seconds.